 Dungeon Crawl Stone Soup version 0.29.1-12-g30fa7ad0bf (webtiles) character file.

Game seed: 7636906213294176388

2833 RapScallion the Spear-Bearer (level 9, -5/75 HPs)
             Began as a Hill Orc Fighter on Jan 11, 2023.
             Was a Follower of Uskayaw.
             Slain by a two-headed ogre
             ... wielding a +0 giant spiked club
              (12 damage)
             ... on level 9 of the Dungeon.
             The game lasted 01:20:05 (8376 turns).

RapScallion the Spear-Bearer (Hill Orc Fighter)     Turns: 8376, Time: 01:20:06

Health: -5/75      AC: 17    Str: 21    XL:     9   Next: 73%
Magic:  13/13      EV: 10    Int: 12    God:    Uskayaw [*.....]
Gold:   113        SH: 10    Dex: 13    Spells: 8/8 levels left

rFire   . . .      SeeInvis .   b - +2 trident (vorpal)
rCold   . . .      Faith    .   c - +0 buckler
rNeg    . . .      Spirit   .   M - +1 plate armour
rPois   .          Reflect  +   u - +0 helmet
rElec   .          Harm     .   i - +0 cloak
rCorr   +          Rampage  .   k - +0 pair of gloves
Will    +....                   (no boots)
Stlth   ..........              C - amulet of reflection
HPRegen 0.22/turn               o - ring of willpower
MPRegen 0.13/turn               r - ring of the Clam {rCorr EV+4 Int+2 Dex+3}

@: studying Transmutations
A: no striking features
a: Renounce Religion, Stomp


You were on level 9 of the Dungeon.
You worshipped Uskayaw.
Uskayaw was noncommittal.
You visited 1 branch of the dungeon, and saw 9 of its levels.

You collected 504 gold pieces.
You spent 391 gold pieces at shops.

Inventory:

Hand Weapons
 a - a +0 war axe
 b - a +2 vorpal trident (weapon)
 m - a +0 sling
 t - a +1 vampiric halberd
 G - a +2 spear of flaming
 J - a +3 spear
Missiles
 q - 45 stones
 z - 9 poisoned darts (quivered)
 H - a throwing net
Armour
 c - a +0 buckler (worn)
 i - a +0 cloak (worn)
 k - a +0 pair of gloves (worn)
 u - a +0 helmet (worn)
 M - a +1 plate armour (worn)
Magical Staves
 f - a staff of poison
 n - a staff of air
Jewellery
 l - a ring of ice
 o - a ring of willpower (left hand)
 r - the ring of the Clam (right hand) {rCorr EV+4 Int+2 Dex+3}
   (You found it on level 2 of the Dungeon)

   [ring of evasion]

   EV:        It affects your evasion (+4).
   Int:       It affects your intelligence (+2).
   Dex:       It affects your dexterity (+3).
   rCorr:     It protects you from acid and corrosion.
 y - a ring of poison resistance
 C - an amulet of reflection (around neck)
Wands
 B - a wand of charming (3)
 K - a wand of digging (5)
 L - a wand of roots (2)
Scrolls
 h - 3 scrolls of identify
 p - a scroll of magic mapping
 s - 2 scrolls of teleportation {unknown}
 w - 2 scrolls of blinking {unknown}
 D - a scroll of poison {unknown}
 E - a scroll of amnesia {unknown}
 I - a scroll of vulnerability {unknown}
Potions
 d - 3 potions of might
 e - 5 potions of ambrosia
 g - a potion of flight {unknown}
 j - a potion of lignification {unknown}
 v - a potion of heal wounds
 x - 4 potions of curing
 A - 3 potions of cancellation
 F - a potion of attraction {unknown}


   Skills:
 + Level 5.8 Fighting
 + Level 7.2(9.8) Axes
 * Level 8.6(9.5) Polearms
 + Level 0.2 Throwing
 + Level 6.5 Armour
 - Level 1.0 Dodging
 - Level 1.1 Stealth
 + Level 4.4 Shields
 - Level 6.3 Invocations
 + Level 0.5 Evocations


You had 8 spell levels left.
You didn't know any spells.
Your spell library contained the following spells:

 Spells                   Type           Power      Damage    Failure   Level
 Summon Small Mammal      Summ           0%         N/A       100%        1
 Call Canine Familiar     Summ           0%         N/A       100%        3
 Gell's Gravitas          Tloc           0%         N/A       100%        3
 Ignite Poison            Fire/Tmut/Pois 0%         N/A       100%        3
 Lesser Beckoning         Tloc           0%         N/A       100%        3
 Mephitic Cloud           Conj/Pois/Air  0%         N/A       100%        3
 Summon Guardian Golem    Hex/Summ       0%         N/A       100%        3
 Teleport Other           Tloc           0%         N/A       100%        3
 Freezing Cloud           Conj/Ice/Air   0%         6-21      100%        5


Dungeon Overview and Level Annotations

Branches:
Dungeon (9/15)             Temple (0/1) D:4
   Lair: D:8-11         Orc: D:9-12

Altars:
Uskayaw

Shops:
D:5 [**?   D:8 (

Annotations:
D:9 2 runed translucent doors


Message History

The poisoned dart hits the two-headed ogre.
You throw a poisoned dart.
The poisoned dart barely misses the two-headed ogre.
You throw a poisoned dart.
The poisoned dart hits the two-headed ogre.
The two-headed ogre is poisoned.
Reach: b) +2 trident (vorpal)
Press: ? - help, Dir - move target, f/p - two-headed ogre
Aim: a two-headed ogre, wielding a +0 giant spiked club and a +0 giant club (poisoned, about 22% to evade your +2 vorpal trident)
You reach to attack!
You puncture the two-headed ogre!
The two-headed ogre is lightly wounded.
You hit the two-headed ogre.
The two-headed ogre is moderately wounded.
You block the two-headed ogre's attack.
The two-headed ogre hits you with a +0 giant club!
You completely miss the two-headed ogre.
The two-headed ogre is moderately wounded.
You hit the two-headed ogre.
The two-headed ogre is moderately wounded.
The two-headed ogre hits you with a +0 giant spiked club!!
You block the two-headed ogre's attack.
You can now pass through a line of other dancers.
The two-headed ogre attacks as you move away!
The two-headed ogre barely misses you. The two-headed ogre closely misses you.
You can no longer pass through a line of other dancers.
The two-headed ogre attacks as you move away!
The two-headed ogre hits you with a +0 giant spiked club!!
* * * LOW HITPOINT WARNING * * *
The two-headed ogre hits you with a +0 giant club.
* * * LOW HITPOINT WARNING * * *
The two-headed ogre attacks as you move away!
You block the two-headed ogre's attack.
The two-headed ogre hits you with a +0 giant club!
* * * LOW HITPOINT WARNING * * *
You see here a poisoned dart.
There is a stone staircase leading up here.
You can't go down here!
You block the two-headed ogre's attack.
The two-headed ogre hits you with a +0 giant club!
You die...

....................###
.................##..#
..##..............# .##
#.. ..........#)...# #
#.. .............#####
.....#....##..##.##
....##..####...#..#
..........# #......#
........@####......##
........(O#.....#...##
.............#.##....#
.........(...#..##...#
.##..........#....).)#
#.......(##......)<##
.........##.)...####
..##......###.###
#.#....... #.##


You could see a two-headed ogre.

Vanquished Creatures
  A two-headed ogre (D:6)
  A cyclops (D:6)
  An orc warrior (D:9)
  An ice beast (D:5)
  A sky beast (D:6)
  2 black bears
  4 centaurs
  An ogre (D:6)
  A kobold brigand (D:9)
  A bullfrog (D:9)
  A necrophage (D:6)
  2 scorpions
  A wight (D:9)
  A howler monkey (D:5)
  2 hounds
  2 jellies
  2 iguanas (D:6)
  3 orc wizards
  14 gnolls
  12 adders
  A white imp (D:6)
  An ufetubus (D:5)
  2 worms (D:2)
  A dart slug (D:4)
  20 orcs
  8 ball pythons
  4 endoplasms
  4 giant cockroaches
  6 goblins
  3 hobgoblins
  3 jackals (D:3)
  6 quokkas
  8 bats
  4 frilled lizards (D:1)
  13 kobolds
  5 rats
143 creatures vanquished.

Vanquished Creatures (others)
  An orc (D:8)
  3 fungi (D:6)
  21 plants (D:3)
25 creatures vanquished.

Grand Total: 168 creatures vanquished

Notes
Turn   | Place    | Note
-------+----------+-------------------------------------------
     0 | D:1      | RapScallion the Hill Orc Fighter began the quest for the
                  | Orb.
     0 | D:1      | Reached XP level 1. HP: 19/19 MP: 1/1
    20 | D:1      | Found a faded altar of an unknown god.
   199 | D:1      | Prayed at the altar of an unknown god.
   199 | D:1      | Became a worshipper of Uskayaw the Reveller
   199 | D:1      | Reached * piety under Uskayaw
   233 | D:1      | Reached XP level 2. HP: 20/27 MP: 2/2
   234 | D:1      | Reached ** piety under Uskayaw
   991 | D:2      | Reached XP level 3. HP: 33/33 MP: 3/3
  1139 | D:2      | Reached skill level 1 in Invocations
  1322 | D:2      | Reached XP level 4. HP: 40/40 MP: 5/5
  1503 | D:2      | Identified the ring of the Clam {rCorr EV+4 Int+2 Dex+3}
  2054 | D:3      | Reached XP level 5. HP: 40/46 MP: 6/6
  2161 | D:3      | Reached skill level 5 in Axes
  3137 | D:4      | Reached XP level 6. HP: 47/52 MP: 8/8
  3368 | D:4      | Reached *** piety under Uskayaw
  3374 | D:4      | Reached **** piety under Uskayaw
  3396 | D:4      | Reached ***** piety under Uskayaw
  3596 | D:4      | Found a staircase to the Ecumenical Temple.
  3937 | D:5      | Entered Level 5 of the Dungeon
  4131 | D:5      | Found Weishrami's Assorted Antiques.
  4171 | D:5      | Found Ruguun's Magic Scroll Shop.
  4277 | D:5      | Bought a scroll of enchant armour for 82 gold pieces
  4277 | D:5      | Bought a scroll of identify for 22 gold pieces
  4277 | D:5      | Bought 3 scrolls of identify for 66 gold pieces
  4277 | D:5      | Bought a scroll of identify for 22 gold pieces
  4277 | D:5      | Bought a scroll of enchant weapon for 82 gold pieces
  4325 | D:5      | Noticed a black bear
  4335 | D:5      | Killed a black bear
  4336 | D:5      | Reached XP level 7. HP: 54/59 MP: 8/10
  4497 | D:5      | Reached skill level 1 in Polearms
  4497 | D:5      | Reached skill level 1 in Stealth
  4621 | D:5      | Found Waevul Dolaa's Antique Armour Shoppe.
  4778 | D:5      | Found Isieng's Assorted Antiques.
  4879 | D:5      | Reached skill level 2 in Polearms
  4879 | D:5      | Reached skill level 1 in Dodging
  5271 | D:6      | Reached XP level 8. HP: 67/67 MP: 11/11
  5309 | D:5      | Reached skill level 3 in Polearms
  5393 | D:6      | Reached skill level 5 in Armour
  5403 | D:6      | Reached skill level 5 in Invocations
  5639 | D:6      | Found a glowing drain.
  5729 | D:6      | Noticed a cyclops
  5905 | D:6      | Noticed a two-headed ogre
  5920 | D:6      | HP: 2/67 [two-headed ogre/+0 giant spiked club (8)]
  5922 | D:6      | Killed a two-headed ogre
  5923 | D:6      | Reached skill level 5 in Fighting
  5923 | D:6      | Reached skill level 5 in Polearms
  6259 | D:6      | Killed a cyclops
  6260 | D:6      | Reached skill level 7 in Polearms
  6260 | D:6      | Reached XP level 9. HP: 20/74 MP: 9/13
  6752 | D:5      | Bought a runed trident for 117 gold pieces
  7348 | D:7      | You fall into a shaft and drop 2 floors!
  7355 | D:9      | Noticed a purple ugly thing
  7497 | D:9      | Reached skill level 8 in Polearms
  7695 | D:9      | Found a large runed translucent door.
  7696 | D:9      | Found a large runed translucent door.
  7702 | D:9      | Identified the +6 dagger of Koraapt {chaos, rC- rN++ Will+
                  | Int+4}
  7702 | D:9      | Noticed a kobold demonologist
  7706 | D:9      | Noticed a two-headed ogre
  7778 | D:9      | Noticed a white ugly thing
  7810 | D:8      | Found Veuvanef's Antique Weapon Shop.
  8350 | D:9      | Noticed a two-headed ogre
  8376 | D:9      | Slain by a two-headed ogre

Illustrated notes

Levels and vault maps discovered:
D:1:      lemuel_arrival_tunnels, layout_basic,
          ebering_ecumenical_altar_sacrificial, chequers_serial_rivers_room_b,
          ebering_dispersal_statue_hall, minmay_cut_off
D:2:      layout_loops_cross, minmay_close_crescents
D:3:      layout_basic, serial_bayou, serial_bayou_pond_b,
          serial_bayou_crossing, serial_bayou_shore_a, serial_bayou_lagoon_a,
          hex_tiny
D:4:      layout_rooms, minmay_temple_entry_overgrown
D:5:      nicolae_cairo_tiling_large, layout_basic, serial_shops,
          kennysheep_little_box, nicolae_lakefront_shop,
          nicolae_shop_waterfront, nicolae_shop_competitors_out_of_business
D:6:      layout_loops_cross, serial_aquarium, aquarium_bridge_straight
          [aquarium_subvault_bridge, aquarium_subvault_window,
          aquarium_subvault_bridge, aquarium_subvault_wall], aquarium_window_3,
          aquarium_window_double, aquarium_window_fake, aquarium_view_2a,
          aquarium_balcony_1b, aquarium_pool_corner, portal_sewer_entry_d,
          minmay_manual_mess
D:7:      layout_basic
D:8:      layout_rooms, serial_shops, shop, nicolae_shop_advertising_works
          [nicolae_subvault_shop_adworks], nicolae_shop_waterfront, shop
D:9:      due_chaos_kobolds, layout_cave_pools,
          grunt_temple_overflow_lords_of_destruction, minmay_three_doors

Skill      XL: |  1  2  3  4  5  6  7  8  9 |
---------------+----------------------------+-----
Axes           | 3 4 5 6 7 |  7.2
Invocations    | 1 2 3 4 6 |  6.3
Fighting       | 4 5 |  5.8
Armour         | 4 6 |  6.5
Polearms       | 2 7 8 |  8.6
Stealth        | 1 |  1.1
Dodging        | 1 |  1.0
Shields        | 4 |  4.4
Throwing       | |  0.2
Evocations     | |  0.5

Action                   |  1- 3 |  4- 6 |  7- 9 || total
-------------------------+-------+-------+-------++-------
Melee: War axe           |   118 |   176 |       ||   294
       Halberd           |       |     8 |       ||     8
       Punch             |       |     2 |     1 ||     3
       Spear             |       |    18 |   128 ||   146
       Trident           |       |       |    95 ||    95
Throw: Throwing net      |       |       |     3 ||     3
       Dart              |       |       |     3 ||     3
Invok: Stomp             |       |     2 |     3 ||     5
Evoke: Wand              |       |       |     2 ||     2
  Use: Scroll            |       |       |    11 ||    11
       Potion            |       |       |     6 ||     6
 Stab: Paralysed         |       |     5 |     4 ||     9
Armor: Scale mail        |    70 |    76 |     9 ||   155
       Plate armour      |       |       |    80 ||    80
Dodge: Dodged            |    53 |   148 |    94 ||   295
Block: Buckler           |    24 |     6 |    52 ||    82
       Other             |       |    16 |    22 ||    38
       Reflection        |       |     1 |    11 ||    12
